 Dungeon Crawl Stone Soup version 0.32-a0-859-gb0a091d592 (webtiles) character file.

Game seed: 2757026935981149591

110417 Alarak the Severer (level 16, -78/136 HPs)
             Began as a Demonspawn Fighter on Mar 27, 2024.
             Was the Champion of Makhleb.
             Killed from afar by a tengu reaver (85 damage)
             ... with a bolt of fire
             ... on level 15 of the Dungeon on Mar 28, 2024.
             The game lasted 01:37:08 (27734 turns).

Alarak the Severer (Demonspawn Fighter)            Turns: 27734, Time: 01:37:10

Health: -78/136    AC: 26    Str: 23    XL:     16   Next: 7%
Magic:  26/26      EV: 14    Int:  9    God:    Makhleb [******]
Gold:   1376       SH:  5    Dex: 14    Spells: 15/15 levels left

rFire   x . .        c - +3 battleaxe (drain)
rCold   + + .        (shield currently unavailable)
rNeg    . . .        V - +0 ice dragon scales
rPois   .            B - +2 hat
rElec   .            l - +2 cloak {rCorr}
rCorr   +            P - +1 pair of gloves
SInv    .            C - +0 pair of boots
Will    +....        Y - amulet of reflection
Stlth   +            i - +4 ring of slaying
HPRegen 0.42/turn    X - +4 ring of protection
MPRegen 0.20/turn

%: reflection
@: wreathed by umbra, invisible
A: claws 2, sturdy frame 3, condensation shield, foul shadow 3
a: Renounce Religion, Minor Destruction, Lesser Servant of Makhleb, Major
Destruction, Greater Servant of Makhleb


You were on level 15 of the Dungeon.
You worshipped Makhleb.
Makhleb was exalted by your worship.
You visited 4 branches of the dungeon, and saw 23 of its levels.
You also visited: Ossuary.

You collected 1709 gold pieces.
You spent 333 gold pieces at shops.

Inventory:

Hand Weapons
 a - a +0 war axe of distortion
 c - a +3 battleaxe of draining (weapon)
 p - a +4 great mace of protection
 R - a +1 vampiric whip
Missiles
 k - 25 poisoned darts
 r - 4 throwing nets
 O - 4 curare-tipped darts
Armour
 b - a scarf of resistance
 l - a +2 cloak of preservation (worn)
 v - a +0 cloak of poison resistance
 B - a +2 hat (worn)
 C - a +0 pair of boots (worn)
 P - a +1 pair of gloves (worn)
 V - +0 ice dragon scales (worn)
 Z - a +0 kite shield
Jewellery
 i - a +4 ring of slaying (left hand)
 x - an amulet of guardian spirit
 S - a +5 ring of evasion
 T - a ring of see invisible
 U - a ring of willpower
 X - a +4 ring of protection (right hand)
 Y - an amulet of reflection (around neck)
Wands
 h - a wand of warping (28)
 u - a wand of flame (50)
 E - a wand of digging (18)
 J - a wand of paralysis (31)
Scrolls
 d - a scroll of fog
 f - 2 scrolls of amnesia
 g - 5 scrolls of fear
 s - 4 scrolls of enchant weapon
 t - a scroll of vulnerability
 y - 2 scrolls of blinking
 z - 2 scrolls of immolation
 F - a scroll of poison
 K - 14 scrolls of identify
 M - 3 scrolls of revelation
 N - 9 scrolls of teleportation
 W - 2 scrolls of brand weapon
Potions
 e - 4 potions of mutation
 j - 3 potions of magic
 m - 4 potions of curing
 n - a potion of resistance
 o - 5 potions of lignification
 q - a potion of attraction
 w - 4 potions of haste
 A - 7 potions of enlightenment
 D - a potion of ambrosia
 G - 3 potions of invisibility
 H - a potion of brilliance


   Skills:
 - Level 15.0 Fighting
 + Level 16.9 Axes
 - Level 10.0 Armour
 - Level 8.1 Dodging
 - Level 4.6 Shields
 - Level 14.0 Invocations


You had 15 spell levels left.
You didn't know any spells.
Your spell library contained the following spells:

 Spells                   Type           Power      Damage    Failure   Level
 Magic Dart               Conj           0%         1d3       43%         1
 Shock                    Conj/Air       0%         1d3       43%         1
 Slow                     Hex            0%         N/A       43%         1
 Blink                    Tloc           0%         N/A       58%         2
 Call Imp                 Summ           0%         N/A       58%         2
 Cigotuvi's Dreadful Rot  Necr/Alch/Air  0%         N/A       58%         2
 Lesser Beckoning         Tloc           0%         N/A       58%         2
 Momentum Strike          Conj/Tloc      0%         3d8       58%         2
 Scorch                   Fire           0%         2d5       58%         2
 Call Canine Familiar     Summ           0%         N/A       82%         3
 Dazzling Flash           Conj/Hex       0%         N/A       82%         3
 Hailstorm                Conj/Ice       0%         3d5       82%         3
 Mephitic Cloud           Conj/Alch/Air  0%         N/A       82%         3
 Sigil of Binding         Hex            0%         N/A       82%         3
 Summon Ice Beast         Ice/Summ       0%         N/A       82%         3
 Swiftness                Air            0%         N/A       82%         3
 Airstrike                Air            0%         2d(0-16)  99%         4
 Cause Fear               Hex            0%         N/A       99%         4
 Dimensional Bullseye     Hex/Tloc       0%         N/A       99%         4
 Dispel Undead            Necr           0%         3d6       99%         4
 Flame Wave               Conj/Fire      0%         2d4       99%         4
 Martyr's Knell           Necr/Summ      0%         N/A       99%         4
 Alistair's Intoxication  Alch           0%         N/A       100%        5
 Arcjolt                  Conj/Air       0%         1d10      100%        5
 Borgnjor's Vile Clutch   Necr/Erth      0%         N/A       100%        5
 Curse of Agony           Necr           0%         N/A       100%        5
 Fireball                 Conj/Fire      0%         3d3       100%        5
 Silence                  Hex/Air        0%         N/A       100%        5
 Conjure Ball Lightning   Conj/Air       0%         3x3d6     100%        6
 Eringya's Noxious Bog    Alch           0%         4d6       100%        6
 Permafrost Eruption      Ice/Erth       0%         2x4d2     100%        6
 Sculpt Simulacrum        Ice/Alch       0%         N/A       100%        6
 Summon Cactus Giant      Summ           0%         N/A       100%        6
 Maxwell's Capacitive Co  Air            0%         ∞         100%        8
 Dragon's Call            Summ           0%         N/A       100%        9
 Maxwell's Portable Pile  Tloc           Unusable   2d(5-10)  N/A         4

Dungeon Overview and Level Annotations

Branches:
Dungeon (15/15)            Temple (1/1) D:5            Lair (5/5) D:9
  Swamp (0/4) Lair:2        Snake (0/4) Lair:3        Slime (0/5) Lair:4
    Orc (2/2) D:12            Elf (0/3) Orc:2        Vaults (0/5) D:13
Ossuary (visited)
 Depths: D:15

Altars:
Ashenzari
Cheibriados
Dithmenos
Fedhas
Gozag
Hepliaklqana
Kikubaaqudgha
Makhleb
Nemelex Xobeh
Okawaru
Qazlal
Ru
Sif Muna
Trog
Uskayaw
Vehumet
Wu Jian
Xom
Yredelemnul
Beogh
Jiyva

Shops:
D:2 (   D:4 !   D:6 !   Orc:2 :[(*

Annotations:
D:10 Fannar


Innate Abilities, Weirdness & Mutations

You have very sharp fingernails.
Your movements are significantly less encumbered by armour. (ER -6)
A meltable shield of frost defends you. (SH +0)
You are darkly shadowed, frequently releasing foul flame when damaged in melee.


Message History

The bolt of lightning hits your ufetubus!
Your ufetubus dies!
Your ufetubus disappears in a puff of smoke!
The bolt of lightning misses you. The efreet gestures at your ufetubus.
The bolt of fire hits your ufetubus!!
Your ufetubus is burned terribly!
Your ufetubus dies!
Your ufetubus disappears in a puff of smoke!
Something barely misses your ufetubus.
You hear a faint skittering sound.
You fade into invisibility!
The centaur warrior shoots an arrow.
The arrow hits you.
* * * LOW HITPOINT WARNING * * *
The tengu reaver blocks your ufetubus's attack. x2
Your ufetubus hits the efreet but does no damage. x2
The centaur warrior shoots an arrow.
The arrow closely misses you.
The efreet hits your ufetubus with a +3 scimitar of flaming!!
The efreet burns your ufetubus.
Your ufetubus dies!
Your ufetubus disappears in a puff of smoke!
The tengu reaver completely misses your ufetubus.
The tengu reaver hits your ynoxinul with a +0 war axe!
The tengu reaver pecks your ufetubus!
The tengu reaver closely misses your ufetubus.
Your ufetubus closely misses the tengu reaver.
Your ufetubus hits the tengu reaver but does no damage.
The centaur warrior shoots an arrow.
Something hits your ynoxinul! Something burns your ynoxinul.
Your ynoxinul dies!
Your ynoxinul disappears in a puff of smoke!
Your ufetubus disappears in a puff of smoke! x3
Okay, then.
There are monsters nearby!
There are monsters nearby!
Something tries to affect you, but you resist.
The tengu reaver casts a spell at you. The bolt of fire hits you!!!!
The fire burns you terribly!
Ouch! That really hurt!
You die...

#...##.### ##..#### #.##
..⌠..#...###......##### #...#
#...#.....##.......##.###....##≈
##.##..#...........##......≈§≈§≈
#.##...........###........≈≈≈§
#.####.....#.### ###......≈≈#
#.##.......#...### ##.....§≈+
##.##...........#.#####....§≈#§#
#...#.........##@....##....≈§§§≈
..⌠............#.....###....≈#§≈
#...#......##........#.......+
##.##.....######.#..........≈§#
#...........## ###...c.....≈≈≈§≈
........###..# #.Q.......≈§≈§≈
........##...#####.........##.##
........####..#....#........#..#
.......####.......##§.§..c......


You could see a tengu reaver (repels missiles) and a centaur warrior (unable to
see you).

Vanquished Creatures
  Gastronok (D:8)
  An orc warlord (Orc:2)
  A dire elephant (Lair:5)
  Snorg (Orc:1)
  Josephine (D:14)
  The ghost of epen the Markskobold, a journeyman KoHu of Dithmenos (Lair:2)
  An ice dragon (D:12)
  7 hydras
  2 vault guards (D:13)
  3 centaur warriors
  5 two-headed ogres
  A tengu warrior (D:13)
  6 death yaks (Lair:3)
  7 orc high priests
  5 boulder beetles
  Nergalle (Lair:1)
  Urug (Lair:1)
  A deep troll earth mage (D:15)
  A spectral death yak (Lair:5)
  A spectral anaconda (Lair:5)
  2 skeletal warriors (D:15)
  An obsidian statue (Lair:5)
  4 arcanists (D:13)
  Pikel (D:4)
  A deep elf archer (D:13)
  5 orc knights
  4 necromancers
  5 deep elf pyromancers
  7 orc sorcerers (Orc:2)
  5 ugly things
  7 manticores
  2 oklob plants
  3 cyclopes
  Joseph (D:8)
  6 black mambas
  22 elephants
  4 kobold blastminers (Orc:2)
  6 cane toads
  2 gargoyles
  A dire elephant skeleton (Lair:5)
  2 rime drakes
  A kobold demonologist (D:14)
  7 komodo dragons
  4 trolls
  A hornet (D:10)
  Grinder (D:3)
  3 polar bears
  24 blink frogs
  2 centaur simulacra
  11 slime creatures
  A spriggan (shapeshifter) (D:14)
  A shadow (D:12)
  68 yaks
  5 wyverns
  2 wargs (Orc:2)
  7 basilisks
  16 humans (D:13)
  Grum (Lair:1)
  6 wraiths
  2 death yak simulacra (Lair:5)
  5 vampire mosquitoes
  3 spectral cane toads (Lair:5)
  19 water moccasins
  An acid dragon (D:11)
  26 orc warriors
  A swamp drake (D:12)
  3 elephant zombies (Lair:5)
  2 black bears
  6 ogres
  A sky beast (D:7)
  8 wolves
  A phantom (D:5)
  3 elephant skeletons (Lair:5)
  7 centaurs
  A lemure (D:4)
  6 bullfrogs
  A kobold brigand (D:8)
  A cane toad simulacrum (Lair:5)
  2 burial acolytes (Ossuary)
  3 wights (D:6)
  An elephant simulacrum (Lair:5)
  11 killer bees
  6 howler monkeys
  9 electric eels
  3 bombardier beetles
  3 hounds
  14 orc priests
  2 sleepcaps
  Crazy Yiuf (D:3)
  4 iguanas
  24 orc wizards
  Terence (D:2)
  2 gnoll boudas
  4 hell rats (Lair:5)
  7 mummies
  10 gnolls
  13 adders
  A shadow imp (D:7)
  A white imp (D:6)
  A dart slug (D:1)
  A ribbon worm (D:2)
  74 orcs
  2 endoplasms
  4 gnoll zombies (Ossuary)
  5 goblins
  3 hobgoblins
  11 kobolds
  4 quokkas
  2 ball pythons
  6 bats
  4 frilled lizards
  A hobgoblin zombie (D:7)
  3 kobold zombies (Ossuary)
  2 orc zombies
  3 rats
645 creatures vanquished.

Vanquished Creatures (collateral kills)
  2 ugly things (D:14)
  2 oklob plants (Lair:4)
  An orc warrior (Orc:1)
  An orc (Orc:1)
6 creatures vanquished.

Vanquished Creatures (others)
  An orc wizard (D:12)
  An orc (D:12)
2 creatures vanquished.

Grand Total: 653 creatures vanquished

Notes
Turn   | Place    | Note
-------+----------+-------------------------------------------
     0 | D:1      | Alarak the Demonspawn Fighter began the quest for the Orb.
     0 | D:1      | Reached XP level 1. HP: 18/18 MP: 1/1
   674 | D:1      | Gained mutation: Your movements are slightly less
                  | encumbered by armour. (ER -2) [demonic ancestry]
   674 | D:1      | Reached XP level 2. HP: 24/24 MP: 2/2
  1189 | D:2      | Gained mutation: You have sharp fingernails. [demonic
                  | ancestry]
  1189 | D:2      | Reached XP level 3. HP: 30/30 MP: 3/3
  1331 | D:2      | Found Seaxoeni's Weapon Shop.
  1598 | D:2      | Reached skill level 5 in Fighting
  1598 | D:2      | Gained mutation: Your movements are less encumbered by
                  | armour. (ER -4) [demonic ancestry]
  1598 | D:2      | Reached XP level 4. HP: 39/39 MP: 4/4
  1725 | D:2      | Noticed Terence
  1737 | D:2      | Killed Terence
  2103 | D:3      | Noticed Grinder
  2119 | D:2      | Reached skill level 2 in Axes
  2246 | D:3      | Paralysed by Grinder for 2 turns
  2319 | D:3      | Killed Grinder
  2320 | D:3      | Reached skill level 4 in Axes
  2320 | D:3      | Reached XP level 5. HP: 17/44 MP: 5/5
  2320 | D:3      | Gained mutation: You are faintly shadowed, very rarely
                  | releasing foul flame when damaged in melee. [demonic
                  | ancestry]
  2320 | D:3      | Reached XP level 6. HP: 20/51 MP: 6/6
  2758 | D:3      | Reached skill level 5 in Axes
  2996 | D:3      | Found a runed translucent door.
  2997 | D:3      | Noticed Crazy Yiuf
  3119 | D:3      | Killed Crazy Yiuf
  3373 | D:4      | Gained mutation: A meltable shield of frost defends you.
                  | (SH +0) [demonic ancestry]
  3373 | D:4      | Reached XP level 7. HP: 37/56 MP: 7/7
  3403 | D:4      | Noticed Pikel
  3415 | D:4      | Killed Pikel
  3416 | D:4      | Reached skill level 7 in Axes
  3416 | D:4      | Gained mutation: You are shadowed, sometimes releasing foul
                  | flame when damaged in melee. [demonic ancestry]
  3416 | D:4      | Reached XP level 8. HP: 24/62 MP: 8/8
  3650 | D:4      | Reached skill level 8 in Axes
  3779 | D:4      | Found Bamymm's Distillery.
  4275 | D:5      | Entered Level 5 of the Dungeon
  4574 | D:5      | Reached skill level 9 in Axes
  4827 | D:5      | Found a staircase to the Ecumenical Temple.
  4836 | Temple   | Entered the Ecumenical Temple
  4844 | Temple   | Became a worshipper of Makhleb the Destroyer
  4999 | D:5      | Noticed an angel
  5004 | D:5      | Found a basalt altar of Yredelemnul.
  5006 | D:5      | Noticed a profane servitor
  5562 | D:6      | Identified the +7 dagger of Butchery {pain, Will+ Int+5}
  5698 | D:6      | Found Desseif's Distillery.
  5893 | D:6      | Reached skill level 10 in Axes
  5902 | D:6      | Gained mutation: You have very sharp fingernails. [demonic
                  | ancestry]
  5902 | D:6      | Reached XP level 9. HP: 56/68 MP: 0/9
  5997 | D:6      | Found a bloodstained altar of Trog.
  6350 | D:7      | Found a sparkling altar of Nemelex Xobeh.
  6521 | D:7      | Found a sand-covered staircase.
  6533 | Ossuary  | Entered an ossuary
  6655 | Ossuary  | Reached skill level 11 in Axes
  6675 | Ossuary  | Reached * piety under Makhleb
  7895 | D:8      | Reached skill level 12 in Axes
  8219 | D:8      | Reached XP level 10. HP: 47/74 MP: 5/10
  8435 | D:8      | Noticed Gastronok
  8501 | D:8      | Killed Gastronok
  8502 | D:8      | Reached skill level 13 in Axes
  8649 | D:8      | Noticed Joseph
  8669 | D:8      | Killed Joseph
  8860 | D:8      | Reached skill level 14 in Axes
  8868 | D:8      | Reached ** piety under Makhleb
  9018 | D:9      | Noticed a two-headed ogre
  9025 | D:9      | Killed a two-headed ogre
  9160 | D:9      | Found a staircase to the Lair.
  9160 | D:9      | Noticed a two-headed ogre
  9172 | D:9      | Killed a two-headed ogre
  9173 | D:9      | Reached skill level 5 in Armour
  9400 | D:9      | Got the Precepts of Execration and Attacks
  9556 | D:9      | Reached XP level 11. HP: 70/80 MP: 9/11
 10218 | D:10     | Entered Level 10 of the Dungeon
 10220 | D:10     | Reached skill level 16 in Axes
 10220 | D:10     | Reached XP level 12. HP: 86/86 MP: 12/12
 10540 | D:10     | Identified the +7 falchion "Juazofatt" {drain, rN+}
 10770 | D:10     | Noticed Fannar
 10881 | D:10     | Paralysed by a hornet for 3 turns
 10893 | D:10     | Noticed a six-headed hydra
 11090 | D:10     | Killed a six-headed hydra
 11135 | D:10     | Noticed a boulder beetle
 11167 | D:10     | Killed a boulder beetle
 11730 | D:11     | Reached skill level 5 in Invocations
 11803 | D:11     | Noticed a boulder beetle
 11826 | D:11     | Killed a boulder beetle
 11982 | D:11     | Noticed a boulder beetle
 12041 | D:11     | Killed a boulder beetle
 12488 | D:11     | Noticed a two-headed ogre
 12504 | D:11     | Killed a two-headed ogre
 12693 | D:11     | Reached *** piety under Makhleb
 13211 | D:12     | Reached skill level 1 in Dodging
 13413 | D:12     | Noticed a boulder beetle
 13586 | D:12     | Killed a boulder beetle
 14193 | D:12     | Found a staircase to the Orcish Mines.
 14492 | D:12     | Noticed a two-headed ogre
 14496 | D:12     | Noticed an ice dragon
 14510 | D:12     | Noticed a two-headed ogre
 14516 | D:12     | Reached XP level 13. HP: 89/99 MP: 16/19
 15766 | D:12     | Reached **** piety under Makhleb
 16307 | D:13     | Found a gate to the Vaults.
 16330 | D:13     | HP: 4/101 [vault guard/+0 long sword (14)]
 16825 | D:13     | Reached ***** piety under Makhleb
 16826 | D:13     | Reached skill level 10 in Armour
 17412 | Lair:1   | Entered Level 1 of the Lair of Beasts
 17467 | Lair:1   | Noticed Urug
 17467 | Lair:1   | Noticed Grum
 17491 | Lair:1   | Killed Urug
 17531 | Lair:1   | Reached skill level 5 in Dodging
 17574 | Lair:1   | Killed Grum
 17629 | Lair:1   | Reached XP level 14. HP: 71/108 MP: 20/20
 18171 | Lair:1   | Noticed Nergalle
 18189 | Lair:1   | Killed Nergalle
 18609 | Lair:2   | Reached skill level 10 in Invocations
 18635 | Lair:2   | Found a runed translucent gate.
 18635 | Lair:2   | Found a runed translucent gate.
 18877 | Lair:2   | Found a staircase to the Swamp.
 19111 | Lair:2   | Found a runed translucent gate.
 19113 | Lair:2   | Noticed epen's ghost (journeyman KoHu)
 19497 | Lair:2   | Killed epen's ghost
 19781 | Lair:2   | Reached skill level 10 in Fighting
 19983 | Lair:3   | Found a staircase to the Snake Pit.
 21104 | Lair:4   | Found a viscous altar of Jiyva.
 21104 | Lair:4   | Found a staircase to the Slime Pits.
 21888 | Lair:5   | Entered Level 5 of the Lair of Beasts
 22388 | Lair:5   | Gained mutation: Your movements are significantly less
                  | encumbered by armour. (ER -6) [demonic ancestry]
 22388 | Lair:5   | Reached XP level 15. HP: 55/122 MP: 23/23
 22584 | Lair:5   | Reached ****** piety under Makhleb
 23567 | Lair:5   | Identified the staff of Ymuokhitit {rPois rN+ Dex+2
                  | Alchemy}
 23630 | Lair:5   | Identified the ring of Hirof {*Corrode Int+5 Dex+6 Stlth+}
 24297 | Orc:1    | Entered Level 1 of the Orcish Mines
 24304 | Orc:1    | Noticed Snorg
 24324 | Orc:1    | Killed Snorg
 24718 | Orc:2    | Entered Level 2 of the Orcish Mines
 24949 | Orc:2    | Reached skill level 15 in Fighting
 25065 | Orc:2    | Found a roughly hewn altar of Beogh.
 25092 | Orc:2    | Found Zeeg's Book Shop.
 25265 | Orc:2    | Paralysed by an orc sorcerer for 3 turns
 25685 | Orc:2    | Found Rohipaso's Antique Armour Boutique.
 25723 | Orc:2    | Found an iron altar of Okawaru.
 25813 | Orc:2    | Found Juosk's General Store.
 25823 | Orc:2    | Found a staircase to the Elven Halls.
 25893 | Orc:2    | Found Binieriw's Antique Weapon Boutique.
 25991 | Orc:2    | Bought a steaming battleaxe for 333 gold pieces
 25991 | Orc:2    | Identified the +0 battleaxe of Dullness {venom, rCorr
                  | Str+3} (You bought it in a shop on level 2 of the Orcish
                  | Mines)
 26155 | D:14     | Noticed Josephine
 26169 | D:14     | Killed Josephine
 27227 | D:15     | Entered Level 15 of the Dungeon
 27405 | D:15     | Gained mutation: You are darkly shadowed, frequently
                  | releasing foul flame when damaged in melee. [demonic
                  | ancestry]
 27405 | D:15     | Reached XP level 16. HP: 118/136 MP: 26/26
 27707 | D:15     | Noticed a tengu reaver
 27719 | D:15     | HP: 5/136 [efreet/fireball (27)]
 27730 | D:15     | HP: 5/136 [centaur warrior/arrow (5)]
 27734 | D:15     | Killed from afar by a tengu reaver

Illustrated notes

Levels and vault maps discovered:
D:1:      saegor_arrival_simple_b, layout_basic, minmay_misc_feat_x,
          lemuel_flame_loot_1
D:2:      layout_loops_corners, serial_shops, nicolae_shop_tiny_waterfront,
          uniq_terence
D:3:      layout_loops_cross, nicolae_kite_square_tiling_tiny, uniq_grinder,
          uniq_crazy_yiuf_cottage
D:4:      layout_basic, serial_shops, nicolae_shop_pleasant_corner_grove,
          minmay_misc_feat_cross, minivault_14, chequers_serial_rivers_micro_e,
          uniq_pikel
D:5:      layout_cave_pools, grunt_temple_overflow_holy_war,
          minmay_temple_entry_butterflies, chequers_arboretum, minmay_pentangle
D:6:      layout_basic, trog_antimagical, serial_shops, shop
D:7:      layout_loops_ring, nemelex_diamond_rough_becter,
          nicolae_ossuary_entry_giza, minmay_misc_feat_alley,
          hangedman_decor_points
D:8:      layout_basic, uniq_joseph, uniq_gastronok
D:9:      layout_roguey, lair_entry_dummy, grunt_ministairs_4
D:10:     layout_stronghold, minivault_20, uniq_fannar
D:11:     layout_layer_cave, serial_rivers, chequers_serial_rivers_micro_b,
          chequers_serial_rivers_room_b, chequers_serial_rivers_micro_a,
          chequers_serial_rivers_room_a, chequers_serial_rivers_large_b,
          chequers_serial_rivers_small_3, nzn_sisyphean_effort
D:12:     layout_roguey, erik_orc_1, minmay_pinched_square
D:13:     layout_long_grid, grunt_vaults_entry_tiered,
          chequers_serial_rivers_small_3
D:14:     layout_basic, amcnicky_mini_rare_corridor_liquid, uniq_josephine
D:15:     hellmonk_depths_entry_around_the_bend, layout_cave_pools,
          minmay_misc_feat_tower, cheibrodos_lost_city_excavation
Temple:   eino_narrow_crystal_temple
Lair:1:   layout_gridlike, uniq_grum, uniq_urug, uniq_nergalle
Lair:2:   layout_regular_city, swamp_mist_pool, ebering_ghost_rock_garden,
          pdpol_lair_cavern_descent
Lair:3:   layout_long_grid, minmay_snake_entry_six_corridors, serial_rivers,
          chequers_serial_rivers_small_a, chequers_serial_rivers_micro_e,
          chequers_serial_rivers_small_b, chequers_serial_rivers_micro_a,
          chequers_serial_rivers_room_b, chequers_serial_rivers_micro_d,
          nicolae_quartered_pool_medium, lemuel_old_faithful
Lair:4:   layout_cave_pods, minmay_slime_entry_oklob_enclosed
Lair:5:   due_jungle_book, layout_layer_cave, basic_altar, serial_bayou_lake_a
Orc:1:    layout_caves, ebering_ghost_reflecting_pool, uniq_erica, uniq_snorg
Orc:2:    grunt_orc_gardens, layout_diamond_mine, grunt_orc_garden,
          grunt_orc_garden, grunt_orc_garden, grunt_orc_garden, basic_altar,
          okawaru_metal_pillars_1_2

Skill      XL: |  1  2  3  4  5  6  7  8  9 10 11 12 13 14 15 |
---------------+----------------------------------------------+-----
Fighting       | 4 5 8 9 12 15 | 15.0
Axes           | 4 5 7 10 12 14 16 | 16.9
Armour         | 5 10 | 10.0
Shields        | 4 |  4.6
Invocations    | 8 11 14 | 14.0
Dodging        | 3 6 8 |  8.1

Action                     |  1- 3 |  4- 6 |  7- 9 | 10-12 | 13-15 | 16-18 || total
---------------------------+-------+-------+-------+-------+-------+-------++-------
  Melee: War axe           |    78 |   126 |   484 |   280 |   134 |       ||  1102
         Whip              |       |       |       |   482 |   274 |       ||   756
         Battleaxe         |       |       |       |       |   761 |    19 ||   780
         Great mace        |       |       |       |       |   108 |       ||   108
  Throw: Dart              |       |       |       |    31 |       |       ||    31
 Invoke: Minor Destruction |       |       |       |    10 |   243 |     6 ||   259
         Lesser Servant of |       |       |       |       |     9 |     2 ||    11
         Major Destruction |       |       |       |       |     5 |       ||     5
         Greater Servant o |       |       |       |       |       |     1 ||     1
  Evoke: Wand              |       |       |       |       |     1 |       ||     1
    Use: Scroll            |       |     8 |    10 |     6 |    10 |     2 ||    36
         Potion            |       |     2 |     1 |     5 |    10 |     2 ||    20
   Stab: Invisible         |       |       |       |       |     3 |       ||     3
         Distracted        |       |       |       |       |     5 |       ||     5
 Armour: Scale mail        |    59 |     8 |       |       |       |       ||    67
         Chain mail        |       |    78 |   271 |   104 |       |       ||   453
         Plate armour      |       |       |       |   311 |   119 |       ||   430
         Ice dragon scales |       |       |       |       |   872 |    31 ||   903
  Dodge: Dodged            |    50 |    57 |   142 |   165 |   769 |    13 ||  1196
  Block: Buckler           |    20 |    30 |   150 |   211 |   138 |       ||   549
         Other             |       |       |       |       |   319 |    11 ||   330
         Kite shield       |       |       |       |       |    17 |       ||    17
         Reflection        |       |       |       |       |     9 |       ||     9

Table legend: (Time is in decaauts)
 A = Elapsed time spent in this place.
 B = Non-inter-level travel time spent in this place.
 C = Inter-level travel time spent in this place.
 D = Time resting spent in this place.
 E = Time spent auto-exploring this place.
 F = Levels seen in this place.
 G = Mean time per level.
                   A        B        C        D        E       F      G
               +--------+--------+--------+--------+--------+-----+--------+
         Total |  27430 |  25936 |   1494 |   4518 |  16745 |  24 | 1142.9 |
       Dungeon |  18582 |  17435 |   1147 |   3159 |  11374 |  15 | 1238.8 |
        Temple |     16 |      1 |     15 |      0 |      0 |   1 |   16.0 |
          Lair |   6751 |   6481 |    270 |    796 |   4471 |   5 | 1350.2 |
  Orcish Mines |   1696 |   1634 |     62 |    471 |    763 |   2 |  848.0 |
       Ossuary |    383 |    383 |      0 |     92 |    136 |   1 |  383.0 |
               +--------+--------+--------+--------+--------+-----+--------+

Top non-repeatable levels by time:
  Lair:5: 2205 daAuts
    D:12: 2056 daAuts
    D:11: 1925 daAuts
    D:13: 1613 daAuts
     D:8: 1537 daAuts
     D:2: 1409 daAuts
     D:9: 1399 daAuts
  Lair:2: 1305 daAuts
    D:10: 1234 daAuts
  Lair:4: 1147 daAuts
    D:14: 1110 daAuts
  Lair:1: 1066 daAuts
     D:5: 1061 daAuts
   Orc:2: 1041 daAuts
  Lair:3: 1026 daAuts
